3L
OAKLAND OAKS @ HARTFORD WHALERS
08/05/2020
 
TOP OF THE 1ST
Oakland Oaks batting - Pitching for Hartford Whalers : LHP Lorenzo Sánchez
Pitching: LHP Lorenzo Sánchez
Batting: LHB Johnny Hernández 0-0: Ball
1-0: Called Strike
1-1: Fly out, F7 (Flyball, 7M)
Batting: SHB John Allen 0-0: DOUBLE (Line Drive, 5L)
Batting: LHB Edwin Church 0-0: Ball
1-0: Ball
2-0: Called Strike
2-1: Foul Ball, location: 2F
2-2: Ball
3-2: Foul Ball, location: 2F
3-2: Foul Ball, location: 2F
3-2: SINGLE (Line Drive, 89S)
John Allen to third
Batting: RHB Shi-young Chang 0-0: Ball
1-0: Foul Ball, location: 2F
1-1: Ball
2-1: Ball
3-1: Foul Ball, location: 2F
3-2: Fly out, F8 (Flyball, 8RS)
Batting: RHB Dave Henderson 0-0: Ground out 5-3 (Groundball, 5)
Top of the 1st over - 0 run(s), 2 hit(s), 0 error(s), 2 left on base; Oakland 0 - Hartford 0
BOTTOM OF THE 1ST
Hartford Whalers batting - Pitching for Oakland Oaks : LHP Morris Nicholson
Pitching: LHP Morris Nicholson
Batting: RHB Michael Collins 0-0: Ball
1-0: Ball
2-0: Ball
3-0: Called Strike
3-1: Base on Balls
Batting: LHB José Marín 0-0: Foul Ball, location: 2F
0-1: Ball
1-1: Ball
2-1: Foul Ball, location: 2F
2-2: Strikes out swinging
Batting: LHB César Durán 0-0: Foul Ball, location: 2F
0-1: Ball
1-1: Ball
2-1: SINGLE (Line Drive, 8LS)
Michael Collins to second
Batting: RHB Nate Cates 0-0: Ball
1-0: Foul Ball, location: 2F
1-1: Called Strike
1-2: Strikes out looking
Batting: RHB Russell Jackson 0-0: Swinging Strike
0-1: Swinging Strike
0-2: Strikes out swinging
Bottom of the 1st over - 0 run(s), 1 hit(s), 0 error(s), 2 left on base; Oakland 0 - Hartford 0
TOP OF THE 2ND
Oakland Oaks batting - Pitching for Hartford Whalers : LHP Lorenzo Sánchez
Batting: RHB Alden Wiley 0-0: Ball
1-0: Foul Ball, location: 2F
1-1: Foul Ball, location: 2F
1-2: Ball
2-2: Foul Ball, location: 2F
2-2: Foul Ball, location: 2F
2-2: DOUBLE (Flyball, 7D)
Batting: RHB Steve McLeod 0-0: Called Strike
0-1: Swinging Strike
0-2: Ball
1-2: DOUBLE (Line Drive, 89XD)
Alden Wiley scores
Batting: RHB Chae-hyeong Kim 0-0: Swinging Strike
0-1: Ball
1-1: Foul Ball, location: 2F
1-2: Fly out, F6 (Popup, 6D)
Batting: RHB Morris Nicholson 0-0: Called Strike
0-1: Foul Ball, location: 2F
0-2: Foul Ball, location: 2F
0-2: Ball
1-2: Foul Ball, location: 2F
1-2: Ball
2-2: Strikes out looking
Batting: LHB Johnny Hernández 0-0: Ball
1-0: Fly out, F5 (Popup, 25F)
Top of the 2nd over - 1 run(s), 2 hit(s), 0 error(s), 1 left on base; Oakland 1 - Hartford 0
BOTTOM OF THE 2ND
Hartford Whalers batting - Pitching for Oakland Oaks : LHP Morris Nicholson
Batting: RHB Mike Brown 0-0: Foul Ball, location: 2F
0-1: Foul Ball, location: 2F
0-2: Strikes out swinging
Batting: RHB Román Centena 0-0: Foul Ball, location: 2F
0-1: Ball
1-1: Called Strike
1-2: Strikes out looking
Batting: RHB Akahele Kimokeo 0-0: Called Strike
0-1: Foul Ball, location: 2F
0-2: Strikes out swinging
Bottom of the 2nd over - 0 run(s), 0 hit(s), 0 error(s), 0 left on base; Oakland 1 - Hartford 0
TOP OF THE 3RD
Oakland Oaks batting - Pitching for Hartford Whalers : LHP Lorenzo Sánchez
Batting: SHB John Allen 0-0: Called Strike
0-1: Called Strike
0-2: Foul Ball, location: 2F
0-2: Ball
1-2: Foul Ball, location: 2F
1-2: Strikes out swinging
Batting: LHB Edwin Church 0-0: SINGLE (Flyball, 8RS)
Batting: RHB Shi-young Chang 0-0: SINGLE (Groundball, 56D)
Edwin Church to second
Batting: RHB Dave Henderson 0-0: Foul Ball, location: 2F
0-1: Fly out, F8 (Flyball, 8LM)
Batting: RHB Alden Wiley 0-0: Ball
1-0: Foul Ball, location: 2F
1-1: Called Strike
1-2: Fielders Choice at 2nd, U6 (Groundball, 6M)
Top of the 3rd over - 0 run(s), 2 hit(s), 0 error(s), 2 left on base; Oakland 1 - Hartford 0
BOTTOM OF THE 3RD
Hartford Whalers batting - Pitching for Oakland Oaks : LHP Morris Nicholson
Batting: LHB Lorenzo Sánchez 0-0: Ball
1-0: Called Strike
1-1: Foul Ball, location: 2F
1-2: Foul Ball, location: 2F
1-2: Strikes out swinging
Batting: RHB Michael Collins 0-0: Ground out 6-3 (Groundball, 6M)
Batting: LHB José Marín 0-0: Foul Ball, location: 2F
0-1: Called Strike
0-2: Foul Ball, location: 2F
0-2: Ground out 4-3 (Groundball, 4)
Bottom of the 3rd over - 0 run(s), 0 hit(s), 0 error(s), 0 left on base; Oakland 1 - Hartford 0
TOP OF THE 4TH
Oakland Oaks batting - Pitching for Hartford Whalers : LHP Lorenzo Sánchez
Batting: RHB Steve McLeod 0-0: Ball
1-0: SINGLE (Groundball, 6D) (infield hit)
Batting: RHB Chae-hyeong Kim 0-0: Ball
1-0: Called Strike
1-1: Called Strike
1-2: SINGLE (Groundball, 4MD)
Steve McLeod to second
Batting: RHB Morris Nicholson 0-0: Ball
1-0: Ground out 5-3 (Groundball, 6S)
Steve McLeod to third
Chae-hyeong Kim to second
Batting: LHB Johnny Hernández 0-0: Foul Ball, location: 2F
0-1: Foul Ball, location: 2F
0-2: Strikes out swinging
Batting: SHB John Allen 0-0: Ball
1-0: Swinging Strike
1-1: Foul Ball, location: 2F
1-2: Strikes out looking
Top of the 4th over - 0 run(s), 2 hit(s), 0 error(s), 2 left on base; Oakland 1 - Hartford 0
BOTTOM OF THE 4TH
Hartford Whalers batting - Pitching for Oakland Oaks : LHP Morris Nicholson
Batting: LHB César Durán 0-0: Ball
1-0: SINGLE (Groundball, 6MD) (infield hit)
Batting: RHB Nate Cates 0-0: Foul Ball, location: 2F
0-1: Ball
1-1: Foul Ball, location: 2F
1-2: Foul Ball, location: 2F
1-2: Fly out, F8 (Flyball, 8LD)
Batting: RHB Russell Jackson 0-0: Ball
1-0: Foul Ball, location: 2F
1-1: SINGLE (Groundball, 6MD)
César Durán to second
Batting: RHB Mike Brown 0-0: Called Strike
0-1: Fly out, F7 (Flyball, 7M)
Batting: RHB Román Centena 0-0: Ground out 6-3 (Groundball, 6)
Bottom of the 4th over - 0 run(s), 2 hit(s), 0 error(s), 2 left on base; Oakland 1 - Hartford 0
TOP OF THE 5TH
Oakland Oaks batting - Pitching for Hartford Whalers : LHP Lorenzo Sánchez
Batting: LHB Edwin Church 0-0: Ground out 3-1 (Groundball, 34)
Batting: RHB Shi-young Chang 0-0: Called Strike
0-1: Ball
1-1: Ball
2-1: Ball
3-1: Called Strike
3-2: Ground out 4-3 (Groundball, 4)
Batting: RHB Dave Henderson 0-0: Ground out 5-3 (Groundball, 56)
Top of the 5th over - 0 run(s), 0 hit(s), 0 error(s), 0 left on base; Oakland 1 - Hartford 0
BOTTOM OF THE 5TH
Hartford Whalers batting - Pitching for Oakland Oaks : LHP Morris Nicholson
Batting: RHB Akahele Kimokeo 0-0: Ball
1-0: Called Strike
1-1: Ball
2-1: Foul Ball, location: 2F
2-2: Ball
3-2: Base on Balls
Batting: LHB Lorenzo Sánchez 0-0: Sac Bunt - play at first, batter OUT! 1-4
Akahele Kimokeo to second
Batting: RHB Michael Collins 0-0: Called Strike
0-1: Swinging Strike
0-2: Ground out 5-3 (Groundball, 5S)
Akahele Kimokeo to third
Batting: LHB José Marín 0-0: Called Strike
0-1: Ball
1-1: Foul Ball, location: 2F
1-2: Ball
2-2: Hit by Pitch
Batting: LHB César Durán 0-0: Fly out, F9 (Flyball, 8RXD)
Bottom of the 5th over - 0 run(s), 0 hit(s), 0 error(s), 2 left on base; Oakland 1 - Hartford 0
TOP OF THE 6TH
Oakland Oaks batting - Pitching for Hartford Whalers : LHP Lorenzo Sánchez
Batting: RHB Alden Wiley 0-0: Ball
1-0: Ball
2-0: Ball
3-0: Base on Balls
Batting: RHB Steve McLeod 0-0: Called Strike
0-1: Swinging Strike
0-2: Foul Ball, location: 2F
0-2: Foul Ball, location: 2F
0-2: Ball
1-2: Ball
2-2: Ball
3-2: SINGLE (Groundball, 56D)
Alden Wiley to second
Batting: RHB Chae-hyeong Kim 0-0: Fly out, F6 (Line Drive, 6)
Batting: RHB Morris Nicholson 0-0: Swinging Strike
0-1: Swinging Strike
0-2: Foul Ball, location: 2F
0-2: Foul Ball, location: 2F
0-2: Foul Ball, location: 2F
0-2: Strikes out swinging
Batting: LHB Johnny Hernández 0-0: Ball
1-0: Foul Ball, location: 2F
1-1: Ground out U3 (Groundball, 3S)
Top of the 6th over - 0 run(s), 1 hit(s), 0 error(s), 2 left on base; Oakland 1 - Hartford 0
BOTTOM OF THE 6TH
Hartford Whalers batting - Pitching for Oakland Oaks : LHP Morris Nicholson
Batting: RHB Nate Cates 0-0: Foul Ball, location: 2F
0-1: Ball
1-1: Called Strike
1-2: Ball
2-2: Strikes out swinging
Batting: RHB Russell Jackson 0-0: Ground out 5-3 (Groundball, 5S)
Batting: RHB Mike Brown 0-0: Fly out, F8 (Flyball, 8LM)
Bottom of the 6th over - 0 run(s), 0 hit(s), 0 error(s), 0 left on base; Oakland 1 - Hartford 0
TOP OF THE 7TH
Oakland Oaks batting - Pitching for Hartford Whalers : LHP Lorenzo Sánchez
Batting: SHB John Allen 0-0: Ball
1-0: Ball
2-0: Ball
3-0: Called Strike
3-1: Foul Ball, location: 2F
3-2: Foul Ball, location: 2F
3-2: SINGLE (Groundball, 4MD)
Batting: LHB Edwin Church 0-0: Ball
1-0: Ball
2-0: Ball
3-0: Foul Ball, location: 2F
3-1: Fly out, F7 (Popup, 8LS)
Batting: RHB Shi-young Chang 0-0: Ball
1-0: Ball
2-0: Ball
3-0: Base on Balls
John Allen to second
Batting: RHB Dave Henderson 0-0: Foul Ball, location: 2F
0-1: Ball
1-1: Ball
2-1: Ball
3-1: Ground out 5-3 (Groundball, 5S)
John Allen to third
Shi-young Chang to second
Pitching: RHP Dave Parrish
Now in LF: Gerald Holloway
Batting: RHB Alden Wiley 0-0: Swinging Strike
0-1: Ball
1-1: Ball
2-1: Swinging Strike
2-2: Strikes out looking
Top of the 7th over - 0 run(s), 1 hit(s), 0 error(s), 2 left on base; Oakland 1 - Hartford 0
BOTTOM OF THE 7TH
Hartford Whalers batting - Pitching for Oakland Oaks : LHP Morris Nicholson
Batting: RHB Román Centena 0-0: Ball
1-0: Fly out, F5 (Line Drive, 56)
Batting: RHB Akahele Kimokeo 0-0: Ball
1-0: Ball
2-0: Ball
3-0: Called Strike
3-1: Called Strike
3-2: Ground out 6-3 (Groundball, 6)
Batting: LHB Gerald Holloway 0-0: Ball
1-0: Called Strike
1-1: Foul Ball, location: 2F
1-2: Foul Ball, location: 2F
1-2: Strikes out swinging
Bottom of the 7th over - 0 run(s), 0 hit(s), 0 error(s), 0 left on base; Oakland 1 - Hartford 0
TOP OF THE 8TH
Oakland Oaks batting - Pitching for Hartford Whalers : RHP Dave Parrish
Batting: RHB Steve McLeod 0-0: Ball
1-0: Called Strike
1-1: Ball
2-1: Foul Ball, location: 2F
2-2: Ball
3-2: Ground out 6-3 (Groundball, 6)
Batting: RHB Chae-hyeong Kim 0-0: Ball
1-0: DOUBLE (Groundball, 5L)
Pinch Hitting: RHB Miguel Fernández 0-0: Foul Ball, location: 2F
0-1: Swinging Strike
0-2: Ball
1-2: Ball
2-2: SINGLE (Groundball, 6MD)
Chae-hyeong Kim to third
Runner from 3rd tries for Home, SAFE, throw made home
Miguel Fernández to second
Batting: LHB Johnny Hernández 0-0: Called Strike
0-1: Ball
1-1: Ball
2-1: Swinging Strike
2-2: Ball
3-2: Foul Ball, location: 2F
3-2: Strikes out looking
Batting: SHB John Allen 0-0: SINGLE (Groundball, 34D)
Miguel Fernández to third
Runner from 3rd tries for Home, SAFE, no throw or cutoff
Batting: LHB Edwin Church 0-0: Ball
1-0: Swinging Strike
1-1: Ground out U3 (Groundball, 3)
Top of the 8th over - 2 run(s), 3 hit(s), 0 error(s), 1 left on base; Oakland 3 - Hartford 0
BOTTOM OF THE 8TH
Hartford Whalers batting - Pitching for Oakland Oaks : LHP Morris Nicholson
Pitching: RHP Ken Simms
Batting: RHB Michael Collins 0-0: Swinging Strike
0-1: Ball
1-1: Foul Ball, location: 2F
1-2: SINGLE (Groundball, 4MD) (infield hit)
Pitching: RHP Joaquín Rodríguez
Pinch Hitting: RHB Javier Díaz 0-0: Foul Ball, location: 2F
0-1: Fly out, F8 (Line Drive, 8RM)
Batting: LHB César Durán 0-0: Called Strike
0-1: Called Strike
0-2: Foul Ball, location: 2F
0-2: Ball
1-2: Ground out 5-3 (Groundball, 56S)
Michael Collins to second
Batting: RHB Nate Cates 0-0: Called Strike
0-1: Ball
1-1: Foul Ball, location: 2F
1-2: Strikes out swinging
Bottom of the 8th over - 0 run(s), 1 hit(s), 0 error(s), 1 left on base; Oakland 3 - Hartford 0
TOP OF THE 9TH
Oakland Oaks batting - Pitching for Hartford Whalers : RHP Dave Parrish
Pitching: LHP Francisco Chávez
Batting: RHB Shi-young Chang 0-0: Ball
1-0: Ball
2-0: Called Strike
2-1: Called Strike
2-2: Ball
3-2: Base on Balls
Batting: RHB Dave Henderson 0-0: Called Strike
0-1: Swinging Strike
0-2: Strikes out looking
Batting: RHB Alden Wiley 0-0: Called Strike
0-1: Ball
1-1: Swinging Strike
1-2: Foul Ball, location: 2F
1-2: Ground out 6-3 (Groundball, 6S)
Shi-young Chang to second
Batting: RHB Steve McLeod 0-0: Called Strike
0-1: Foul Ball, location: 2F
0-2: Ball
1-2: Foul Ball, location: 2F
1-2: Ground out 6-3 (Groundball, 6)
Top of the 9th over - 0 run(s), 0 hit(s), 0 error(s), 1 left on base; Oakland 3 - Hartford 0
BOTTOM OF THE 9TH
Hartford Whalers batting - Pitching for Oakland Oaks : RHP Joaquín Rodríguez
Pitching: RHP Robert Anderson
Now at SS: Shane Franklin
Batting: RHB Russell Jackson 0-0: Ball
1-0: Foul Ball, location: 2F
1-1: Ball
2-1: Ball
3-1: Ground out 6-3 (Groundball, 6S)
Batting: RHB Mike Brown 0-0: Foul Ball, location: 2F
0-1: Ball
1-1: Called Strike
1-2: Ball
2-2: Strikes out swinging
Batting: RHB Román Centena 0-0: Ball
1-0: Ball
2-0: SINGLE (Line Drive, 89S)
Batting: RHB Akahele Kimokeo 0-0: Foul Ball, location: 2F
0-1: Ball
1-1: Ball
2-1: Called Strike
2-2: Ground out 5-3 (Groundball, 5S)
Bottom of the 9th over - 0 run(s), 1 hit(s), 0 error(s), 1 left on base; Oakland 3 - Hartford 0
This league is powered by Out of the Park Baseball, the baseball management simulation game for PC, Mac and Linux
Friday, October 23rd, 2015 - OOTP Baseball 16.9 Build 39